 Dungeon Crawl Stone Soup version 0.21.1-1-g345015fe64 (webtiles) character file.

184 DildoBatman the Skirmisher (level 5, -1/42 HPs)
             Began as a Formicid Enchanter on Mar 26, 2018.
             Slain by a hound (4 damage)
             ... on level 4 of the Dungeon.
             The game lasted 00:07:23 (3688 turns).

DildoBatman the Skirmisher (Formicid Enchanter)     Turns: 3688, Time: 00:07:23

Health: -1/42      AC:  5    Str: 14    XL:     5   Next: 95%
Magic:  5/8        EV: 11    Int: 14    God:
Gold:   112        SH:  0    Dex: 11    Spells: 4/8 levels left

rFire    . . .     SeeInvis +   b - +0 trident
rCold    . . .     Gourm    .   (no shield)
rNeg     . . .     Faith    .   o - +0 ring mail
rPois    .         Spirit   .   (helmet unavailable)
rElec    .         Reflect  .   (no cloak)
rCorr    .         Harm     .   (no gloves)
MR       .....                  (no boots)
Stlth    ++........             (no amulet)
HPRegen  0.14/turn              (no ring)
MPRegen  0.11/turn              (no ring)

@: very slightly contaminated
A: permanent stasis, dig shafts and tunnels, four strong arms, antennae 3
a: Dig, Shaft Self


You were on level 4 of the Dungeon.
You were not hungry.

You visited 1 branch of the dungeon, and saw 4 of its levels.

You collected 112 gold pieces.

Inventory:

Hand Weapons
 a - a +1 dagger
 b - a +0 trident (weapon)
Missiles
 g - 70 stones (quivered)
 t - 7 curare-tipped needles
 w - 19 bolts
Armour
 o - a +0 ring mail (worn)
Scrolls
 f - a scroll of enchant armour {unknown}
 i - a scroll of blinking {unknown}
 k - a scroll of random uselessness {unknown}
 n - 5 scrolls of magic mapping {unknown}
 p - a scroll of identify {unknown}
 q - a scroll of fog {unknown}
 u - a scroll of fear {unknown}
Potions
 d - a potion of flight {unknown}
 e - a potion of invisibility {unknown}
 h - 2 potions of mutation {unknown}
 j - a potion of magic {unknown}
 l - 2 potions of heal wounds {unknown}
 m - a potion of haste {unknown}
 r - 2 potions of curing {unknown}
 s - a potion of might {unknown}
Books
 c - a book of Maledictions

   Spells                             Type                      Level
   a - Corona                         Hexes                        1
   b - Ensorcelled Hibernation        Hexes/Ice                    2
   c - Confuse                        Hexes                        3
   d - Tukima's Dance                 Hexes                        3
   e - Dazzling Spray                 Conjuration/Hexes            3
Comestibles
 v - 2 rations
 x - 2 chunks of flesh


   Skills:
 * Level 4.2 Fighting
 - Level 1.0 Short Blades
 * Level 3.0 Armour
 - Level 2.0 Dodging
 - Level 4.0 Stealth
 - Level 2.1 Spellcasting
 - Level 3.6 Hexes


You had 4 spell levels left.
You knew the following spells:

 Your Spells              Type           Power        Failure   Level  Hunger
a - Corona                Hex            ##.....      11%         1    #......
b - Confuse               Hex            ##......     30%         3    ###....


Dungeon Overview and Level Annotations

Branches:
Dungeon (4/15)
 Temple: D:4-7

Altars:
Qazlal
Vehumet
Yredelemnul

Annotations:
D:2 exclusion: adder
D:3 exclusions: 3 sensed monsters (detected) and 2 more exclusions, Terence


Innate Abilities, Weirdness & Mutations

You cannot be hasted, slowed, berserked, paralysed or teleported.
You can dig through walls and to a lower floor.
Your four strong arms can wield two-handed weapons with a shield.
You have a pair of large antennae on your head. (SInv)


Message History

You miss the hound.
The hound is lightly wounded.
The hound bites you but does no damage. x2
Casting: Corona
Confirm with . or Enter, or press ? or * to list all spells.
Aiming: Corona
Press: ? - help, Shift-Dir - straight line, f/p - hound
Aim: a hound (lightly wounded, chance to defeat MR: 55%)
The hound struggles to resist.
The hound bites you. The hound barely misses you.
You closely miss the hound.
The hound is lightly wounded.
The hound bites you. The hound bites you but does no damage.
You hit the hound.
The hound is moderately wounded.
The hound barely misses you. The hound bites you.
You die...

#........#
####o....#
#..#### ##.[#
#..## ###
##.{## .... {
##l{# .....
#ol###......
##oh@.......
#....#####....#
#...# ### #..(
#.?. ..#. .##


You could see an iguana, a hound, 2 orcs and a frilled lizard.

Vanquished Creatures
  An orc wizard (D:4)
  A hound skeleton (D:2)
  5 adders
  3 oozes
  2 worms
  A dart slug (D:3)
  A leopard gecko (D:1)
  An orc (D:3)
  8 bats
  A giant cockroach (D:2)
  7 goblins
  9 hobgoblins
  10 jackals
  2 ball pythons
  5 frilled lizards
  9 kobolds
  10 rats
  A spectral orc (D:2)
77 creatures vanquished.

Notes
Turn   | Place    | Note
-------+----------+-------------------------------------------
     0 | D:1      | DildoBatman the Formicid Enchanter began the quest for the Orb.
     0 | D:1      | Reached XP level 1. HP: 13/13 MP: 3/3
    69 | D:1      | Reached skill level 1 in Fighting
    69 | D:1      | Reached XP level 2. HP: 13/21 MP: 3/5
   629 | D:1      | Reached XP level 3. HP: 24/28 MP: 6/6
   634 | D:1      | Learned a level 3 spell: Confuse
  1435 | D:2      | Reached XP level 4. HP: 28/35 MP: 7/7
  1458 | D:2      | Reached skill level 1 in Armour
  1566 | D:2      | Found a radiant altar of Vehumet.
  2061 | D:2      | Found a basalt altar of Yredelemnul.
  2161 | D:2      | Reached XP level 5. HP: 30/41 MP: 8/8
  3494 | D:3      | Noticed Terence
  3644 | D:4      | Found a stormy altar of Qazlal.
  3687 | D:4      | HP: 2/42 [hound (1)]
  3688 | D:4      | Slain by a hound

Skill      XL: |  1  2  3  4  5 |
---------------+----------------+-----
Fighting       | 1 2 3 4 |  4.2
Dodging        | 2 |  2.0
Armour         | 2 3 |  3.0
Stealth        | 4 |  4.0
Short Blades   | |  1.0
Spellcasting   | |  2.1
Hexes          | |  3.6

Action                   |  1- 3 |  4- 6 || total
-------------------------+-------+-------++-------
Melee: Dagger            |   170 |   271 ||   441
       Trident           |       |    19 ||    19
 Cast: Corona            |     7 |    26 ||    33
       Confuse           |       |     2 ||     2
 Abil: Dig               |       |     5 ||     5
 Stab: Sleeping          |     2 |     4 ||     6
  Eat: Chunk             |     2 |     9 ||    11
Armor: Leather armour    |    29 |       ||    29
       Plate armour      |    56 |       ||    56
       Ring mail         |       |   126 ||   126
Dodge: Dodged            |    92 |   196 ||   288
